Map: Abyssal Reef LE

Players

Bly

  • Race: Zerg Zerg
  • Spawn Location: 5:00

Has - Winner!

  • Race: Protoss Protoss
  • Spawn Location: 11:00

Event: WCS Valencia 2017

VOD

Have the link to the VOD?

Description

Time

  • Played on: July 13, 2017, 2:58 p.m.
  • Length: 6:20

All games in this series

Show
View Real Time Build Order
Export as new Build Order

Bly Zerg 

Build Orders: Pool First 

Get SALT Encoding   

  12  0:01  Drone  
  13  0:12  Overlord  
  13  0:17  Drone  
  14  0:32  Drone x2  
  14  0:35  Drone  
  17  0:52  Drone  
  18  0:57  Spawning Pool  
  17  1:06  Drone  
  17  1:09  Extractor  
  17  1:13  Drone  
  18  1:19  Hatchery  
  18  1:25  Drone  
  18  1:35  Drone  
  19  1:44  Queen, Zergling x2  
  22  1:51  Overlord  
  22  2:09  Drone  
  23  2:17  Hatchery  
  23  2:19  Metabolic Boost  
  23  2:22  Drone  
  23  2:30  Queen  
  23  2:35  Drone  
  23  2:37  Drone  
  27  2:40  Drone  
  28  2:47  Drone x2  
  29  2:54  Drone  
  29  2:55  Drone x2  
  32  2:59  Overlord  
  32  3:02  Drone  
  33  3:11  Pneumatized Carapace  
  33  3:14  Drone x3  
  37  3:20  Drone  
  37  3:26  Drone  
  38  3:27  Queen  
  38  3:29  Drone x2  
  38  3:32  Drone  
  43  3:37  Drone  
  43  3:38  Drone x2  
  43  3:40  Drone  
  47  3:42  Overlord  
  47  3:49  Overlord  
  47  3:53  Roach Warren  
  46  3:57  Extractor  
  46  3:59  Drone x3  
  46  4:00  Drone  
  49  4:17  Lair  
  49  4:18  Extractor, Drone x2  
  49  4:20  Evolution Chamber, Drone x2  
  49  4:23  Queen  
  53  4:25  Queen  
  55  4:34  Roach x5  
  65  4:39  Zergling x2  
  65  4:40  Overlord  
  66  4:49  Overlord  
  66  4:54  Spine Crawler  
  66  4:55  Overlord  
  66  4:56  Spine Crawler  
  64  5:01  Roach x5  
  64  5:04  Spine Crawler  
  71  5:19  Roach  
  71  5:20  Roach x4  
  71  5:21  Zergling x8  
  75  5:33  Roach x3  
  80  5:41  Roach x3  
  82  5:49  Roach x3  
  75  5:52  Roach  
  64  5:57  Roach x2  
  64  6:00  Roach  
Show
View Real Time Build Order
Export as new Build Order

Has Protoss - Winner!

Build Orders: 1 Gate Expand 

Get SALT Encoding   

  12  0:01  Probe (Chrono Boost)  
  13  0:11  Probe (Chrono Boost)  
  14  0:18  Pylon  
  14  0:22  Probe (Chrono Boost)  
  15  0:36  Probe (Chrono Boost)  
  15  0:38  Gateway  
  16  0:47  Probe (Chrono Boost)  
  16  0:48  Assimilator  
  17  0:57  Probe (Chrono Boost)  
  17  1:00  Pylon  
  18  1:08  Probe (Chrono Boost)  
  19  1:26  Nexus  
  20  1:37  Cybernetics Core  
  19  1:40  Probe (Chrono Boost)  
  20  1:48  Assimilator  
  20  1:51  Probe (Chrono Boost)  
  21  1:56  Pylon  
  22  2:01  Probe (Chrono Boost)  
  22  2:12  Probe (Chrono Boost)  
  22  2:14  Stalker (Chrono Boost)  
  25  2:16  Warp Gate  
  25  2:23  Probe  
  26  2:35  Probe, Twilight Council  
  27  2:37  Probe  
  28  2:48  Probe  
  28  2:49  Probe  
  28  2:50  Zealot (Chrono Boost)  
  32  3:01  Robotics Facility  
  32  3:03  Probe  
  33  3:09  Charge (Chrono Boost)  
  33  3:13  Probe (Chrono Boost)  
  35  3:24  Gateway  
  34  3:28  Gateway  
  34  3:29  Probe x2 (Chrono Boost)  
  36  3:35  Gateway  
  36  3:44  Gateway  
  36  3:47  Gateway  
  36  3:52  Gateway  
  36  3:58  Warp Prism (Chrono Boost)  
  38  4:09  Pylon  
  38  4:14  Pylon  
  38  4:27  Pylon  
  38  4:33  Zealot x4  
  46  4:38  Pylon  
  46  4:55  Zealot x7  
  60  5:16  Zealot x6  
  60  5:17  Zealot  
  68  5:42  Zealot x6  
  78  5:43  Zealot  
  64  6:03  Zealot x4  
  64  6:04  Zealot x3  
Tags
 
Add a new tag
Caveats
  • Supply blocks, unpowered buildings, or Contaminate may cause inaccurate times.
  • Supply counts are checked every 10 seconds.